 Dungeon Crawl Stone Soup version 0.21.0-3-g78d12a8 (webtiles) character file.

635 MDvedh the Ducker (level 7, -3/56 HPs)
             Began as a Merfolk Air Elementalist on Jan 10, 2018.
             Was an Initiate of Okawaru.
             Slain by jazmu's ghost (19 damage)
             ... on level 5 of the Dungeon.
             The game lasted 00:13:15 (6948 turns).

MDvedh the Ducker (Merfolk Air Elementalist)        Turns: 6948, Time: 00:13:15

Health: -3/56      AC:  5    Str: 11    XL:     7   Next: 50%
Magic:  9/10       EV: 16    Int: 14    God:    Okawaru [......]
Gold:   89         SH:  0    Dex: 14    Spells: 9/10 levels left

rFire    . . .     SeeInvis .   d - +2 mace (crush)
rCold    . . .     Gourm    .   (no shield)
rNeg     . . .     Faith    .   t - +0 robe (curse)
rPois    .         Spirit   .   j - +0 helmet
rElec    .         Reflect  .   (no cloak)
rCorr    .         Harm     .   o - +1 pair of gloves
MR       .....                  (no boots)
Stlth    ++........             (no amulet)
HPRegen  0.18/turn              (no ring)
MPRegen  0.12/turn              (no ring)

@: very slightly contaminated
A: change form in water, swift swim, stealthy swim
a: Renounce Religion


You were on level 5 of the Dungeon.
You worshipped Okawaru.
Okawaru was noncommittal.
You were not hungry.

You visited 1 branch of the dungeon, and saw 5 of its levels.

You collected 323 gold pieces.
You spent 234 gold pieces at shops.

Inventory:

Hand Weapons
 d - a +2 mace of crushing (weapon)
 e - a +0 dagger
Armour
 a - a +0 robe
 j - a +0 helmet (worn)
 o - a +1 pair of gloves (worn)
 t - a cursed +0 robe (worn)
Wands
 h - a wand of random effects (29)
 r - a wand of enslavement (20)
 x - a wand of acid (11)
Scrolls
 f - a scroll of enchant armour
 i - a scroll of immolation
 k - a scroll of remove curse
 n - 3 scrolls of identify
Potions
 g - 3 potions of degeneration
 l - 2 potions of agility
 m - a potion of ambrosia
 p - a potion of brilliance
 q - a potion of mutation
 s - a potion of magic
 u - 2 potions of heal wounds
 v - a potion of haste
 w - a potion of curing
 z - a potion of lignification {unknown}
Books
 b - a book of Air

   Spells                             Type                      Level
   a - Shock                          Conjuration/Air              1
   b - Swiftness                      Charms/Air                   2
   c - Static Discharge               Conjuration/Air              3
   d - Airstrike                      Air                          4
   e - Lightning Bolt                 Conjuration/Air              5
Comestibles
 c - 6 rations
 A - 2 chunks of flesh


   Skills:
 - Level 5.5 Fighting
 + Level 2.6 Armour
 - Level 6.4 Dodging
 - Level 2.1 Stealth
 - Level 2.0 Spellcasting
 - Level 0.7 Conjurations
 - Level 2.4 Air Magic


You had 9 spell levels left.
You knew the following spells:

 Your Spells              Type           Power        Failure   Level  Hunger
a - Shock                 Conj/Air       #...         13%         1    ##.....


Dungeon Overview and Level Annotations

Branches:
Dungeon (5/15)
 Temple: D:4-7

Altars:
Ashenzari
Cheibriados
Kikubaaqudgha
Okawaru
Wu Jian
The Shining One

Shops:
D:4 !

Annotations:
D:5 jazmu's ghost, amateur DsFE


Message History

Jazmu's ghost closely misses you.
You sock jazmu's ghost!
Jazmu's ghost is moderately damaged.
Jazmu's ghost closely misses you. x2
You hit jazmu's ghost.
Jazmu's ghost is heavily damaged.
Jazmu's ghost hits you but does no damage.
You closely miss jazmu's ghost.
Jazmu's ghost is heavily damaged.
Jazmu's ghost hits you. x2; You are electrocuted!
You barely miss jazmu's ghost.
Jazmu's ghost is heavily damaged.
Jazmu's ghost hits you.
Unknown command.
You barely miss jazmu's ghost.
Jazmu's ghost is heavily damaged.
Jazmu's ghost hits you!
* * * LOW HITPOINT WARNING * * *
You are electrocuted!
You die...

.....................
...########.......#
... #.......# ..
#.......# #.......#
#.......# #.......#
#..W....# #..@....+
#.......#
.............
#.############ .. .


You could see jazmu's ghost.

Vanquished Creatures
  2 ogres
  A centaur (D:3)
  A hound (D:4)
  An orc priest (D:3)
  An iguana (D:4)
  3 worker ants (D:4)
  8 adders
  An ooze (D:1)
  5 worms
  3 dart slugs
  6 leopard geckos
  20 orcs
  6 giant cockroaches
  6 goblins
  6 hobgoblins
  9 jackals
  2 quokkas (D:2)
  2 ball pythons
  7 bats
  6 frilled lizards
  9 kobolds
  9 rats
114 creatures vanquished.

Notes
Turn   | Place    | Note
-------+----------+-------------------------------------------
     0 | D:1      | MDvedh the Merfolk Air Elementalist began the quest for the Orb.
     0 | D:1      | Reached XP level 1. HP: 13/13 MP: 3/3
   154 | D:1      | Reached skill level 1 in Fighting
   288 | D:1      | Reached skill level 3 in Dodging
   297 | D:1      | Reached XP level 2. HP: 21/21 MP: 0/5
   778 | D:1      | Reached XP level 3. HP: 27/27 MP: 6/6
  1252 | D:2      | Found an ancient bone altar of Kikubaaqudgha.
  1482 | D:2      | Reached XP level 4. HP: 16/35 MP: 1/7
  1791 | D:2      | Found an ornate altar of the Wu Jian Council.
  1800 | D:2      | Reached skill level 4 in Dodging
  2308 | D:3      | Found a snail-covered altar of Cheibriados.
  2308 | D:3      | Found a glowing golden altar of the Shining One.
  2308 | D:3      | Noticed a centaur
  2852 | D:3      | Found an iron altar of Okawaru.
  2885 | D:3      | Killed a centaur
  2885 | D:3      | Reached skill level 5 in Dodging
  2885 | D:3      | Reached XP level 5. HP: 3/43 MP: 0/8
  3075 | D:3      | Became a worshipper of Warmaster Okawaru
  3992 | D:3      | Reached XP level 6. HP: 49/49 MP: 7/9
  4444 | D:3      | Reached skill level 5 in Fighting
  4444 | D:3      | Reached skill level 6 in Dodging
  5287 | D:3      | HP: 2/51 [poisoned by a worker ant]
  5293 | D:3      | HP: 2/51 [poisoned by a worker ant]
  5299 | D:3      | HP: 2/51 [poisoned by a worker ant]
  5305 | D:3      | HP: 1/51 [poisoned by a worker ant]
  6038 | D:4      | Reached skill level 1 in Armour
  6038 | D:4      | Reached XP level 7. HP: 56/56 MP: 10/10
  6538 | D:4      | Found Xixkyerhe's Distillery.
  6553 | D:4      | Bought a potion of mutation for 104 gold pieces
  6553 | D:4      | Bought 2 potions of heal wounds for 130 gold pieces
  6572 | D:4      | Found a shattered altar of Ashenzari.
  6882 | D:5      | Entered Level 5 of the Dungeon
  6924 | D:5      | Noticed jazmu's ghost (amateur DsFE)
  6948 | D:5      | Slain by jazmu's ghost

Skill      XL: |  1  2  3  4  5  6  7 |
---------------+----------------------+-----
Fighting       | 1 2 3 4 5 |  5.5
Dodging        | 3 5 6 |  6.4
Armour         | 1 2 |  2.6
Stealth        | |  2.1
Spellcasting   | |  2.0
Conjurations   | |  0.7
Air Magic      | |  2.4

Action                   |  1- 3 |  4- 6 |  7- 9 || total
-------------------------+-------+-------+-------++-------
Melee: Unarmed           |    16 |       |       ||    16
       Dagger            |   130 |   320 |       ||   450
       Mace              |       |    14 |    52 ||    66
 Cast: Shock             |    29 |   118 |    13 ||   160
  Use: Scroll            |       |    10 |       ||    10
       Potion            |       |     1 |       ||     1
 Stab: Sleeping          |     2 |     8 |     1 ||    11
  Eat: Chunk             |     2 |    12 |     3 ||    17
       Ration            |       |     2 |       ||     2
Armor: Robe              |    27 |    81 |    10 ||   118
Dodge: Dodged            |    99 |   285 |    61 ||   445
